 Dungeon Crawl Stone Soup version 0.31.0-1-g2c135a0 (webtiles) character file.

Game seed: 4744288349082561379

5575 edsrzf the Toxicologist (level 10, -8/76 HPs)
             Began as a Demonspawn Alchemist on Jan 20, 2024.
             Was a Priest of Cheibriados.
             Killed from afar by an acid dragon (12 damage)
             ... with a splash of acid
             ... on level 10 of the Dungeon on Jan 21, 2024.
             The game lasted 00:41:51 (12631 turns).

edsrzf the Toxicologist (Demonspawn Alchemist)     Turns: 12631, Time: 00:41:52

Health: -8/76      AC: 12    Str: 18 (19) XL:     10   Next: 44%
Magic:  11/17      EV: 17    Int: 22 (25) God:    Cheibriados [***...]
Gold:   411        SH:  0    Dex: 21 (22) Spells: 4/19 levels left

rFire   . . .        a - +2 flail (protect)
rCold   . . .        (no shield)
rNeg    . . .        F - +0 acid dragon scales
rPois   .            (helmet restricted)
rElec   .            (no cloak)
rCorr   +            u - +0 pair of gloves
SInv    .            (no boots)
Will    .....        g - amulet of the acrobat
Stlth   ++           H - +4 ring of protection
HPRegen 0.32/turn    (no ring)
MPRegen 0.15/turn

%: acrobat
@: mighty, agile, very slow
A: antennae 1, demonic guardian 1, powered by pain 1, sturdy frame 1
a: Renounce Religion, Bend Time, Temporal Distortion


You were on level 10 of the Dungeon.
You worshipped Cheibriados.
Cheibriados was most pleased with you.
You visited 2 branches of the dungeon, and saw 11 of its levels.

You collected 422 gold pieces.
You spent 11 gold pieces at shops.

Inventory:

Hand Weapons
 a - a +2 flail of protection (weapon)
 d - a +1 morningstar of freezing
Missiles
 j - a curare-tipped dart
 v - 4 poisoned darts
 y - 2 atropa-tipped darts
Armour
 u - a +0 pair of gloves (worn)
 F - +0 acid dragon scales (worn)
Jewellery
 g - an amulet of the acrobat (around neck)
 H - a +4 ring of protection (left hand)
Wands
 h - a wand of acid (14)
 t - a wand of charming (16)
 z - a wand of flame (13)
 A - a wand of polymorph (23)
Scrolls
 e - 2 scrolls of immolation {unknown}
 f - 4 scrolls of amnesia
 l - a scroll of fear {unknown}
 o - 2 scrolls of acquirement {unknown}
 p - 2 scrolls of enchant weapon {unknown}
 q - a scroll of butterflies {unknown}
 r - 2 scrolls of identify {@r1}
 s - a scroll of blinking {unknown}
 x - a scroll of fog {unknown}
 C - a scroll of teleportation {unknown}
 D - 2 scrolls of revelation
 E - 2 scrolls of vulnerability {unknown}
 G - 2 scrolls of brand weapon {unknown}
Potions
 b - a potion of magic
 c - a potion of invisibility
 i - a potion of ambrosia
 k - a potion of might
 m - a potion of degeneration
 n - 3 potions of cancellation
 w - a potion of attraction {unknown}
 B - 2 potions of enlightenment {unknown}


   Skills:
 + Level 5.8 Fighting
 + Level 1.5 Maces & Flails
 - Level 5.0 Armour
 - Level 1.7 Dodging
 - Level 1.7 Stealth
 - Level 5.0 Spellcasting
 - Level 4.0 Conjurations
 - Level 4.0 Necromancy
 - Level 6.0 Fire Magic
 - Level 3.3 Air Magic
 - Level 8.0 Alchemy


You had 4 spell levels left.
You knew the following spells:

 Your Spells              Type           Power      Damage    Failure   Level
a - Mercury Vapours       Alch/Air       60%        N/A       1%          2
b - Cigotuvi's Dreadful   Necr/Alch/Air  56%        N/A       1%          2
t - Sticky Flame          Fire/Alch      36%        2d8       6%          4
v - Vampiric Draining     Necr           23%        2d7       6%          3
C - Mephitic Cloud        Conj/Alch/Air  28%        N/A       4%          3
X - Sting                 Conj/Alch      100%       1d9       1%          1

Your spell library contained the following spells:

 Spells                   Type           Power      Damage    Failure   Level
 Necrotise                Necr           92%        1d8       1%          1
 Olgreb's Toxic Radiance  Alch           41%        N/A       3%          4
 Ignite Poison            Fire/Alch      36%        N/A       6%          4
 Freeze                   Ice            20%        1d4       11%         1
 Hailstorm                Conj/Ice       14%        3d6       14%         3
 Lesser Beckoning         Tloc           10%        N/A       16%         2
 Summon Blazeheart Golem  Fire/Summ      18%        N/A       30%         4
 Frozen Ramparts          Ice            10%        1d2       32%         3
 Gell's Gravitas          Tloc           5%         N/A       32%         3
 Teleport Other           Tloc           5%         N/A       32%         3
 Martyr's Knell           Necr/Summ      14%        N/A       43%         4
 Cause Fear               Hex            2%         N/A       71%         4
 Fireball                 Conj/Fire      13%        3d7       36%         5
 Curse of Agony           Necr           23%        N/A       50%         5
 Freezing Cloud           Conj/Ice/Air   8%         6-21      73%         5
 Orb of Destruction       Conj           11%        9d6       100%        7
 Ozocubu's Refrigeration  Ice            2%         4d8       100%        7
 Spellforged Servitor     Conj/Summ      7%         N/A       100%        7
 Discord                  Hex            2%         N/A       100%        8
 Dragon's Call            Summ           2%         N/A       100%        9


Dungeon Overview and Level Annotations

Branches:
Dungeon (10/15)            Temple (1/1) D:6
   Lair: D:8-11         Orc: D:9-12

Altars:
Ashenzari
Cheibriados
Dithmenos
Fedhas
Gozag
Hepliaklqana
Kikubaaqudgha
Makhleb
Nemelex Xobeh
Okawaru
Qazlal
Ru
Sif Muna
Trog
Uskayaw
Vehumet
Wu Jian
Yredelemnul

Shops:
D:4 ?   D:9 :

Annotations:
D:5 1 runed translucent door, Kave's ghost, novice TrSh


Innate Abilities, Weirdness & Mutations

You have a pair of small antennae on your head.
A weak demonic guardian rushes to your aid.
You sometimes gain a little power by taking damage.
Your movements are slightly less encumbered by armour. (ER -2)


Message History

A howler monkey comes into view.
The orc priest mumbles some strange prayers to Beogh against you.
You struggle to resist.
The acid dragon bites you.
The acid dragon claws you but does no damage.
You hit the acid dragon.
Your weapon exudes an aura of protection.
The acid dragon is lightly wounded.
An orc warrior comes into view. It is wielding a +0 mace.
The acid dragon bites you! The acid dragon barely misses you.
An orc wizard comes into view. It is wielding a +0 dagger.
You hit the acid dragon.
The acid dragon is lightly wounded.
The acid dragon misses you.
The acid dragon claws you but does no damage.
The orc wizard points at you and mumbles some strange words.
You easily resist.
The acid dragon misses you.
The acid dragon claws you but does no damage.
The orc priest misses you.
The howler monkey hoots and howls with incredible vigour!
You hear a shout!
The orc priest shouts!
You hear a bellow! x4
You barely miss the orc priest.
The orc priest mumbles some strange prayers to Beogh against you.
Beogh smites you!
The orc priest hits you but does no damage.
The acid dragon spits acid at you. The splash of acid hits you. You resist.
As you read the scroll labelled ZEADDI QERE, it crumbles to dust.
It is a scroll of amnesia.
Okay, then.
The orc priest casts a cantrip, but nothing happens.
The acid dragon misses you.
The acid dragon claws you but does no damage.
As you read the scroll labelled KOEPAOLI ESI, it crumbles to dust.
You feel aware of your surroundings.
You sensed 1 altar.
It was a scroll of revelation.
An orc comes into view. It is wielding a +0 club.
The acid dragon bites you.
The acid dragon claws you but does no damage.
The orc priest hits you but does no damage.
The howler monkey hits you.
Okay, then.
Okay, then.
It was a potion of degeneration.
There was something very wrong with that liquid.
You feel weakened.
You feel dopey.
You feel clumsy.
An orc comes into view. It is wielding a +0 mace.
The acid dragon barely misses you. The acid dragon claws you.
The howler monkey hits you but does no damage.
It was a potion of might.
You feel very mighty all of a sudden. The acid dragon bites you.
The acid dragon claws you.
The orc wizard mumbles some strange words.
The orc wizard flickers and vanishes!
Deactivating autopickup; reactivate with Ctrl-A.
The howler monkey hoots and howls with incredible vigour!
You hear a bellow!
You hear an angry buzzing noise. x2
You hit the acid dragon.
Your weapon exudes an aura of protection.
The acid dragon is moderately wounded.
The howler monkey misses you.
The orc warrior hits you with a +0 mace.
* * * LOW HITPOINT WARNING * * *
The acid dragon closely misses you. x2
The orc priest calls down the wrath of Beogh upon you.
Beogh smites you!
* * * LOW HITPOINT WARNING * * *
A demonic guardian appears!
You focus on the pain.
You feel agile all of a sudden. The howler monkey closely misses you.
Casting: Sting (safe; 1% risk of failure)
Confirm with . or Enter, or press ? or * to list all spells.
Okay, then.
Unknown command.
Casting: Sting (safe; 1% risk of failure)
Confirm with . or Enter, or press ? or * to list all spells.
Aiming: Vampiric Draining (dangerous; 6% risk of failure)
Press: ? - help, Shift-Dir - straight line, f - acid dragon
Aim: an acid dragon (moderately wounded)
You draw life force from the acid dragon!
You feel life coursing into your body. The acid dragon barely misses you.
The acid dragon misses you.
The orc priest mumbles some strange prayers to Beogh against you.
Beogh smites you!
* * * LOW HITPOINT WARNING * * *
A demonic guardian appears!
The howler monkey hits you but does no damage.
Your white imp gestures at the orc priest.
The puff of frost hits the orc priest.
Casting: Vampiric Draining (dangerous; 6% risk of failure)
Confirm with . or Enter, or press ? or * to list all spells.
Aiming: Vampiric Draining (dangerous; 6% risk of failure)
Press: ? - help, Shift-Dir - straight line, f/p - acid dragon
Aim: an acid dragon (severely wounded)
You draw life force from the acid dragon!
You feel life coursing into your body. The orc warrior barely misses you.
The orc priest hits you with a +0 flail.
* * * LOW HITPOINT WARNING * * *
The acid dragon spits acid at you. The splash of acid hits you! You resist.
You die...

,,,,,,,,,,.....*#............,,,,
,,,,,,,,,......###..........,...,
,,,,,,,,,......###........#*....,
,,,,,,,,,....o..#........##....#,
*,**,,,,,...............<......#*
,,,*,,,,,.....o..o.......#..####*
,,,,,,,,,....##oO..[.........#
,***,,,,,....##hoo5.........##
,****,*,_.♣...#D@o..........#
,,***,,,,........5.........##
,,,**,,,,.................##
,,,,,,,**...!...........#.#
,,,**,,,,......#=..#..#####
,,,***,*,..........#####
,,,***,,*..........#####
,,***,,,,...........#### ,,*
**,,,,,,,,,,,,,**


You could see a two-headed ogre, an orc warrior (ally target), an acid dragon
(catching breath), a howler monkey (catching breath), 2 orc priests, 4 orcs and
2 friendly white imps.

Vanquished Creatures
  A boulder beetle (D:7)
  Maggie (D:6)
  A troll (D:9)
  Sigmund (D:4)
  A wraith (D:9)
  A yak (D:9)
  Menkaure (D:7)
  A steam dragon (D:7)
  2 water moccasins
  2 ice beasts (D:7)
  2 orc warriors
  A black bear (D:7)
  5 centaurs
  A kobold brigand (D:9)
  3 bullfrogs
  2 scorpions
  10 wights
  9 killer bees
  2 electric eels (D:7)
  A howler monkey (D:9)
  A crimson imp (D:7)
  Crazy Yiuf (D:5)
  3 jellies
  5 orc priests
  A hound (D:6)
  Jessica (D:2)
  2 iguanas (D:6)
  Ijyb (D:4)
  8 orc wizards
  Robin (D:4)
  10 gnolls
  6 adders
  A shadow imp (D:5)
  A white imp (D:8)
  2 ufetubi (D:7)
  3 dart slugs
  2 ribbon worms
  29 orcs
  7 bats
  3 endoplasms
  10 giant cockroaches
  13 goblins
  11 hobgoblins
  A quokka (D:5)
  13 ball pythons
  2 frilled lizards
  7 kobolds
  3 rats (D:2)
196 creatures vanquished.

Vanquished Creatures (collateral kills)
  An acid dragon (D:9)
  An ogre (D:5)
  A phantom (D:6)
  A wight (D:6)
  2 electric eels (D:7)
  A howler monkey (D:7)
  An orc priest (D:6)
  An orc wizard (D:9)
  An adder (D:2)
  2 orcs (D:6)
  A ball python (D:1)
  2 goblins (D:4)
15 creatures vanquished.

Vanquished Creatures (others)
  2 electric eels (D:7)
2 creatures vanquished.

Grand Total: 213 creatures vanquished

Notes
Turn   | Place    | Note
-------+----------+-------------------------------------------
     0 | D:1      | edsrzf the Demonspawn Alchemist began the quest for the
                  | Orb.
     0 | D:1      | Reached XP level 1. HP: 13/13 MP: 3/3
   147 | D:1      | Reached skill level 2 in Conjurations
   171 | D:1      | Gained mutation: A weak demonic guardian rushes to your
                  | aid. [demonic ancestry]
   171 | D:1      | Reached XP level 2. HP: 12/19 MP: 0/5
  1229 | D:2      | Identified 3 potions of heal wounds
  1232 | D:2      | Reached skill level 3 in Conjurations
  1232 | D:2      | Gained mutation: You sometimes gain a little power by
                  | taking damage. [demonic ancestry]
  1232 | D:2      | Reached XP level 3. HP: 9/24 MP: 0/6
  1239 | D:2      | HP: 1/24 [poisoned by an adder]
  1377 | D:2      | Learned a level 2 spell: Mercury Vapours
  1767 | D:2      | Noticed Jessica
  1791 | D:2      | Killed Jessica
  1792 | D:2      | Reached XP level 4. HP: 30/30 MP: 0/7
  2823 | D:3      | Found an opulent altar of Gozag.
  2823 | D:3      | Found a sparkling altar of Nemelex Xobeh.
  2826 | D:3      | Reached skill level 4 in Conjurations
  2941 | D:3      | Learned a level 3 spell: Mephitic Cloud
  3388 | D:3      | Reached skill level 4 in Alchemy
  3514 | D:3      | Gained mutation: You have a pair of small antennae on your
                  | head. [demonic ancestry]
  3514 | D:3      | Reached XP level 5. HP: 35/35 MP: 5/8
  3761 | D:4      | Found a stormy altar of Qazlal.
  3777 | D:4      | Found an ornate altar of the Wu Jian Council.
  3793 | D:4      | Reached skill level 1 in Air Magic
  3941 | D:4      | Noticed Robin
  3989 | D:4      | Identified 3 scrolls of identify
  3989 | D:4      | Identified 3 potions of cancellation
  3990 | D:4      | Identified a potion of invisibility
  3991 | D:4      | Identified a potion of brilliance
  4008 | D:4      | Killed Robin
  4139 | D:4      | Noticed Sigmund
  4151 | D:5      | Entered Level 5 of the Dungeon
  4289 | D:5      | Found a burning altar of Makhleb.
  4391 | D:5      | Reached skill level 2 in Air Magic
  4391 | D:5      | Reached XP level 6. HP: 27/41 MP: 0/9
  4591 | D:5      | Reached skill level 5 in Alchemy
  4701 | D:5      | Reached skill level 3 in Air Magic
  4745 | D:5      | Learned a level 2 spell: Cigotuvi's Dreadful Rot
  4766 | D:5      | Noticed Kave's ghost (novice TrSh)
  4798 | D:5      | Reached skill level 3 in Spellcasting
  4798 | D:5      | Reached XP level 7. HP: 31/46 MP: 2/11
  4874 | D:5      | Found a runed translucent door.
  5036 | D:4      | Found Ygippoar's Magic Scroll Shoppe.
  5058 | D:4      | Killed Sigmund
  5059 | D:4      | Reached skill level 2 in Necromancy
  5417 | D:4      | Bought a scroll of noise for 11 gold pieces
  5531 | D:4      | Found a shadowy altar of Dithmenos.
  5606 | D:4      | Noticed Ijyb
  5618 | D:4      | Killed Ijyb
  5652 | D:4      | Found a bloodstained altar of Trog.
  5932 | D:5      | Reached skill level 4 in Spellcasting
  5932 | D:5      | Reached skill level 3 in Necromancy
  5976 | D:5      | Learned a level 3 spell: Vampiric Draining
  6142 | D:5      | Found a radiant altar of Vehumet.
  6384 | D:5      | Found a runed translucent door.
  6385 | D:5      | Noticed Crazy Yiuf
  6401 | D:5      | Killed Crazy Yiuf
  6574 | D:6      | Reached skill level 4 in Necromancy
  6574 | D:6      | Reached XP level 8. HP: 48/52 MP: 7/14
  6626 | D:6      | Found a snail-covered altar of Cheibriados.
  6849 | D:6      | Reached skill level 1 in Fighting
  6914 | D:6      | Found a basalt altar of Yredelemnul.
  6938 | D:6      | Noticed an angel
  7323 | D:6      | HP: 1/46 [wight/+6 mace (9)]
  7443 | D:6      | Reached skill level 5 in Spellcasting
  7466 | D:6      | Learned a level 4 spell: Sticky Flame
  7580 | D:6      | Found a staircase to the Ecumenical Temple.
  7619 | D:6      | Noticed Maggie
  7631 | D:6      | Killed Maggie
  7632 | D:6      | Reached skill level 3 in Fire Magic
  7873 | D:6      | Reached skill level 4 in Fire Magic
  7876 | D:6      | Identified 2 potions of ambrosia
  8148 | Temple   | Entered the Ecumenical Temple
  8228 | D:6      | Became a worshipper of Cheibriados the Contemplative
  8257 | D:7      | Reached skill level 1 in Armour
  8566 | D:7      | Reached skill level 2 in Armour
  8575 | D:7      | Noticed Menkaure
  8579 | D:7      | Reached skill level 5 in Fire Magic
  8584 | D:7      | Killed Menkaure
  8585 | D:7      | Gained mutation: Your movements are slightly less
                  | encumbered by armour. (ER -2) [demonic ancestry]
  8585 | D:7      | Reached XP level 9. HP: 35/60 MP: 7/16
  8600 | D:7      | Reached skill level 3 in Armour
  8614 | D:7      | Reached * piety under Cheibriados
  8754 | D:7      | Found an iron altar of Okawaru.
  8808 | D:7      | Found a burning altar of Makhleb.
  8809 | D:7      | Found a radiant altar of Vehumet.
  8875 | D:7      | Reached skill level 6 in Fire Magic
  9173 | D:7      | Noticed a boulder beetle
  9189 | D:7      | Killed a boulder beetle
  9190 | D:7      | Reached skill level 5 in Armour
  9190 | D:7      | Reached skill level 6 in Alchemy
  9278 | D:7      | Reached skill level 2 in Fighting
 10153 | D:8      | Reached skill level 3 in Fighting
 10285 | D:8      | Identified 3 potions of curing
 10293 | D:8      | Reached ** piety under Cheibriados
 10497 | D:7      | Reached skill level 7 in Alchemy
 10499 | D:7      | Reached XP level 10. HP: 35/71 MP: 4/17
 10718 | D:8      | Reached skill level 4 in Fighting
 11002 | D:8      | Found a shimmering blue altar of Sif Muna.
 11308 | D:9      | Reached *** piety under Cheibriados
 11316 | D:9      | Reached skill level 5 in Fighting
 11490 | D:9      | Found Luzucwu's Tremendous Tomes.
 11614 | D:9      | Reached skill level 8 in Alchemy
 12037 | D:9      | Reached skill level 1 in Maces & Flails
 12484 | D:10     | Entered Level 10 of the Dungeon
 12611 | D:10     | Noticed a two-headed ogre
 12625 | D:10     | Identified 5 scrolls of amnesia
 12626 | D:10     | Identified 3 scrolls of revelation
 12627 | D:10     | Identified 2 potions of degeneration
 12628 | D:10     | Identified 2 potions of might
 12631 | D:10     | Killed from afar by an acid dragon

Illustrated notes

Levels and vault maps discovered:
D:1:      mrwooster_arrival_statue, layout_basic
D:2:      layout_basic, minivault_23, uniq_jessica
D:3:      layout_basic, grunt_temple_overflow_opulence
D:4:      layout_gridville, mainiacjoe_overflow_cross_hatched,
          mainiacjoe_overflow_brackets, grunt_dithmenos_smoke,
          mainiacjoe_overflow_concentric_impassable,
          nicolae_inconvenience_store, fountainhead, kennysheep_donut,
          uniq_sigmund, uniq_robin, uniq_ijyb
D:5:      layout_cave_pools, hellmonk_ghost_happy_afterlife,
          hangedman_feature_mirror, minmay_crossroads, uniq_crazy_yiuf_cottage
D:6:      layout_loops_ring, mainiacjoe_overflow_small_starburst,
          grunt_temple_overflow_holy_war, minmay_temple_entry_antechambers,
          uniq_maggie
D:7:      cheibrodos_two_vegetables, layout_basic,
          grunt_temple_overflow_lords_of_destruction, okawaru_metal_pillars_1_2,
          minmay_misc_feat_alley, uniq_menkaure
D:8:      layout_rooms, kennysheep_mini_moat, dk_noncrumbling_4,
          dreamdust_princess_corridor, kennysheep_generic_room_15
D:9:      layout_loops_corners, nicolae_shop_i_like_big_books
D:10:     layout_cave_pools, mainiacjoe_overflow_tiny_flanked
Temple:   nicolae_temple_ecumenical_triangle

Skill      XL: |  1  2  3  4  5  6  7  8  9 10 |
---------------+-------------------------------+-----
Conjurations   | 2 3 4 |  4.0
Alchemy        | 4 5 7 8 |  8.0
Air Magic      | 2 3 |  3.3
Spellcasting   | 3 4 5 |  5.0
Necromancy     | 4 |  4.0
Fighting       | 1 3 5 |  5.8
Fire Magic     | 5 6 |  6.0
Armour         | 2 5 |  5.0
Maces & Flails | 1 |  1.5
Dodging        | |  1.7
Stealth        | |  1.7

Action                     |  1- 3 |  4- 6 |  7- 9 | 10-12 || total
---------------------------+-------+-------+-------+-------++-------
  Melee: Unarmed           |    23 |    14 |       |     7 ||    44
         Flail             |       |       |   152 |   114 ||   266
         Punch             |       |       |     1 |     2 ||     3
   Cast: Sting             |    70 |   142 |   156 |    33 ||   401
         Mephitic Cloud    |       |       |    10 |     2 ||    12
         Sticky Flame      |       |       |     9 |     9 ||    18
         Vampiric Draining |       |       |     5 |     3 ||     8
         Mercury Vapours   |       |       |     1 |       ||     1
  Evoke: Wand              |       |       |     3 |       ||     3
    Use: Potion            |     1 |       |     6 |     5 ||    12
         Scroll            |       |     3 |       |     2 ||     5
   Stab: Distracted        |       |     1 |       |       ||     1
         Sleeping          |       |     1 |       |       ||     1
         Confused          |       |       |     2 |     2 ||     4
 Armour: Robe              |    32 |    40 |    52 |       ||   124
         Acid dragon scale |       |       |   173 |   169 ||   342
         Skin              |       |       |     1 |     3 ||     4
  Dodge: Dodged            |    24 |    59 |   185 |   155 ||   423
